 Dungeon Sprint DCSS version 0.30-a0-250-g41c1d76940 (webtiles) character file.

Game seed: 13521133476075511867

2379 rocky1 the Nimble (level 9, 0/74 HPs)
             Began as a Djinni Fire Elementalist on Oct 13, 2022.
             Was an Initiate of Gozag.
             Killed by divine providence
             ... invoked by an orc priest
              (11 damage)
             ... in the Dungeon (Sprint III: "The Ten Rune Challenge").
             The game lasted 00:06:00 (952 turns).

rocky1 the Nimble (Djinni Fire Elementalist)         Turns: 952, Time: 00:06:01

Health: 0/74       AC:  3    Str:  7    XL:     9   Next: 73%
Gold:   140        EV: 18    Int: 19    God:    Gozag SH:  0 Dex: 16

rFire   + + .      SeeInvis .    v - +0 scimitar (flame)
rCold   x . .      Faith    .    (no shield)
rNeg    . . .      Spirit   .    a - +0 robe
rPois   ∞          Reflect  .    (no helmet)
rElec   .          Harm     .    k - +0 cloak
rCorr   .          Rampage  .    (no gloves)
Will    .....      NoTele   +    (boots unavailable)
Stlth   ++++......               (no amulet)
HPRegen 0.32/turn                (no ring)
MPRegen 0.00/turn                (no ring)

@: gold aura, flying
A: sickness immunity, fire resistance 2, cold vulnerability 1, float, innate
caster, HP casting, extra vitality 1
a: Renounce Religion, Potion Petition, Call Merchant, Bribe Branch


You were in the Dungeon.
You worshipped Gozag.
Gozag was aware of your devotion.
You visited 1 branch You collected 140 gold pieces.

Inventory:

Hand Weapons
 i - a +0 dagger
 r - a +2 long sword of holy wrath
 v - a +0 scimitar of flaming (weapon)
Armour
 a - a +0 robe (worn)
 k - a +0 cloak (worn)
 s - a +0 scale mail
Wands
 u - a wand of digging (5)
Scrolls
 f - a scroll of blinking
 h - a scroll of vulnerability {unknown}
 m - a scroll of torment {unknown}
 n - a scroll of enchant weapon {unknown}
 o - a scroll of poison {unknown}
 p - 2 scrolls of identify
Potions
 b - 5 potions of curing
 c - a potion of heal wounds
 d - a potion of haste
 e - a potion of berserk rage
 g - a potion of degeneration {unknown}
 j - a potion of cancellation {unknown}
 l - 4 potions of mutation {unknown}
 q - a potion of flight {unknown}
Miscellaneous
 t - a phantom mirror


   Skills:
 + Level 10.3 Fighting
 + Level 4.1 Long Blades
 + Level 5.5 Armour
 + Level 11.4 Dodging
 - Level 8.5 Stealth
 + Level 8.3 Spellcasting


You had one spell level left.
You knew the following spells:

 Your Spells              Type           Power      Damage    Failure   Level
a - Foxfire               Conj/Fire      100%       2x1d9     1%          1
b - Scorch                Fire           78%        2d9       1%          2
c - Kindle Blastsparks    Fire/Tloc/Air  78%        2d16      1%          3
d - Inner Flame           Hex/Fire       39%        N/A       1%          3
e - Flame Wave            Conj/Fire      39%        2d11      2%          4
f - Summon Small Mammal   Summ           100%       N/A       1%          1
g - Searing Ray           Conj           78%        2d7       1%          2
h - Ignite Poison         Fire/Tmut/Pois 39%        N/A       1%          3
i - Passage of Golubria   Tloc           39%        N/A       2%          4
Your spell library was empty.

Dungeon Overview and Level Annotations

Branches:
Dungeon (1/1)

Altars:
Cheibriados
Dithmenos
Elyvilon
Fedhas
Gozag
Hepliaklqana
Makhleb
Nemelex Xobeh
Okawaru
Qazlal
Ru
Trog
Uskayaw
Wu Jian
Xom
Yredelemnul
Zin
The Shining One
Jiyva
Lugonu


Innate Abilities, Weirdness & Mutations

You are immune to sickness and miasma.
You are immune to poison.
Your flesh is very heat resistant. (rF++)
You are vulnerable to cold. (rC-)
You float through the air rather than walking.
You learn spells naturally, not from books.
Your magical power is your life essence.
You have superior vitality. (+4 MHP)


Message History

Your Fighting skill increases to level 10!
Your Long Blades skill increases to level 4!
Your Armour skill increases to level 5!
Your Dodging skill increases to level 11!
Your Spellcasting skill increases to level 8!
Unknown command.
You hit the orc sorcerer. You burn the orc sorcerer.
The orc sorcerer is lightly wounded.
An orc priest comes into view. It is wielding a +3 morningstar.
The orc sorcerer hits you with a +0 dagger.
You closely miss the orc sorcerer.
You punch the orc sorcerer, but do no damage.
The orc sorcerer is lightly wounded.
The orc sorcerer closely misses you.
Casting: Scorch (safe; 1% risk of failure)
Confirm with . or Enter, or press ? or * to list all spells.
Flames lash the orc sorcerer.
The orc sorcerer is moderately wounded.
The orc sorcerer's fire resistance burns away.
The orc misses you.
An orc wizard comes into view. It is wielding a +0 dagger.
The orc sorcerer points at you and mumbles some strange words.
The bolt of fire hits you. You resist.
You closely miss the orc sorcerer.
The orc sorcerer is moderately wounded.
The orc completely misses you.
The orc sorcerer points at you and mumbles some strange words.
You resist with some effort.
You slash the orc sorcerer! You burn the orc sorcerer.
The orc sorcerer is heavily wounded.
The orc hits you from afar with a +0 trident!
* * * LOW HITPOINT WARNING * * *
The orc sorcerer misses you.
An orc comes into view. It is wielding a +0 flail.
The orc sorcerer hits you with a +0 dagger.
* * * LOW HITPOINT WARNING * * *
The orc priest calls down the wrath of Beogh upon you.
Beogh smites you!
You die...
Your body crumbles into a pile of gold.

##..#___#___#__#$$#$$
$ .#..#.÷.#__)#._#$$o
$$ .#..###'#†###)##.$.
'#..#..........#.. $
#...'.⌠........#o$ $ $
#...#...######'#o#$ $
....#.⌠.#__#...#o#####
....#...#__#...#o.~~~+
....#'###__#..)#@#§~~#
....#.).#__#...'.#§§.#
....#___#__'...#.#§..#
▓▓▓▓▓▓▓▓▓▓▓▓▓▓▓▓▓▓▓▓▓▓


You could see an orc sorcerer (combustible), an orc priest, an orc wizard and 2
orcs.

Vanquished Creatures
  Erica (D)
  An orc high priest (D)
  A deep elf pyromancer (D)
  A shadow (D)
  A spatial vortex (D)
  A water elemental (D)
  A necrophage (D)
  Crazy Yiuf (D)
  A jelly (D)
  Jessica (D)
  A wizard (D)
  A necromancer (D)
  A kobold demonologist (D)
  3 humans (D)
  An orc (D)
  An endoplasm (D)
  2 rats (D)
20 creatures vanquished.

Vanquished Creatures (others)
  19 foxfires (D)
19 creatures vanquished.

Grand Total: 39 creatures vanquished

Notes
Turn   | Place    | Note
-------+----------+-------------------------------------------
     0 | D        | rocky1 the Djinni Fire Elementalist began the quest for the
                  | Orb.
     0 | D        | rocky1 set off with the following spells memorised:
                  | Foxfire, Scorch, Kindle Blastsparks, Inner Flame, Flame
                  | Wave.
     0 | D        | Reached XP level 1. HP: 15/15 MP: 0/0
   133 | D        | Reached skill level 1 in Fighting
   144 | D        | Noticed Jessica
   151 | D        | Killed Jessica
   152 | D        | Reached skill level 3 in Dodging
   152 | D        | Reached XP level 2. HP: 20/24 MP: 0/0
   152 | D        | Reached XP level 3. HP: 24/29 MP: 0/0
   152 | D        | Learned a level 1 spell: Summon Small Mammal
   175 | D        | Noticed Crazy Yiuf
   181 | D        | Killed Crazy Yiuf
   182 | D        | Reached skill level 4 in Dodging
   182 | D        | Reached XP level 4. HP: 15/35 MP: 0/0
   315 | D        | Noticed a water elemental
   320 | D        | Killed a water elemental
   321 | D        | Reached skill level 5 in Dodging
   321 | D        | Reached XP level 5. HP: 32/42 MP: 0/0
   321 | D        | Learned a level 2 spell: Searing Ray
   461 | D        | Found a glowing silver altar of Zin.
   461 | D        | Found a glowing golden altar of the Shining One.
   461 | D        | Found a white marble altar of Elyvilon.
   462 | D        | Noticed a deep elf pyromancer
   466 | D        | Killed a deep elf pyromancer
   467 | D        | Reached skill level 8 in Dodging
   467 | D        | Reached XP level 6. HP: 32/53 MP: 0/0
   467 | D        | Reached XP level 7. HP: 36/58 MP: 0/0
   467 | D        | Learned a level 3 spell: Ignite Poison
   587 | D        | Found a hide-covered altar of Uskayaw.
   587 | D        | Found an iron altar of Okawaru.
   587 | D        | Found a bloodstained altar of Trog.
   587 | D        | Found an ornate altar of the Wu Jian Council.
   587 | D        | Noticed a human
   587 | D        | Noticed a human
   594 | D        | Killed a human
   595 | D        | Reached skill level 9 in Dodging
   595 | D        | Reached XP level 8. HP: 50/65 MP: 0/0
   598 | D        | Killed a human
   711 | D        | Found a basalt altar of Yredelemnul.
   711 | D        | Found a shadowy altar of Dithmenos.
   711 | D        | Found a sacrificial altar of Ru.
   719 | D        | Reached skill level 1 in Armour
   766 | D        | Noticed a shadow
   770 | D        | Killed a shadow
   771 | D        | Reached skill level 10 in Dodging
   812 | D        | Found a blossoming altar of Fedhas.
   812 | D        | Found a stormy altar of Qazlal.
   812 | D        | Found a snail-covered altar of Cheibriados.
   812 | D        | Found a burning altar of Makhleb.
   812 | D        | Found a shimmering altar of Xom.
   813 | D        | Found a hazy altar of Hepliaklqana.
   813 | D        | Found an opulent altar of Gozag.
   813 | D        | Found a sparkling altar of Nemelex Xobeh.
   813 | D        | Found a corrupted altar of Lugonu.
   813 | D        | Found a viscous altar of Jiyva.
   835 | D        | Became a worshipper of Gozag Ym Sagoz the Greedy
   850 | D        | Noticed Erica
   856 | D        | Killed Erica
   857 | D        | Reached XP level 9. HP: 50/74 MP: 0/0
   857 | D        | Learned a level 4 spell: Passage of Golubria
   919 | D        | Noticed an orc high priest
   936 | D        | Noticed a smoke demon
   936 | D        | Noticed an ice devil
   942 | D        | Noticed an orc sorcerer
   945 | D        | Noticed a rust devil
   946 | D        | Killed an orc high priest
   947 | D        | Reached skill level 10 in Fighting
   947 | D        | Reached skill level 5 in Armour
   947 | D        | Reached skill level 11 in Dodging
   952 | D        | Killed from afar by an orc priest

Illustrated notes

Levels and vault maps discovered:
D:        dungeon_sprint_mu [sprint_mu_entry_cave, sprint_mu_temple_rooms,
          sprint_mu_d1_horrors, sprint_mu_d2_genie, sprint_mu_d3_branching,
          sprint_mu_orc_legion, sprint_mu_elf_gauntlet, sprint_mu_hive_nellie,
          sprint_mu_lair_fedhas, sprint_mu_vaults_butterflies,
          sprint_mu_slime_circle, sprint_mu_swamp_cave, sprint_mu_snake_twists,
          sprint_mu_blade_basic, sprint_mu_crypt_chambers,
          sprint_mu_tomb_spiral, sprint_mu_vestibule_basic,
          sprint_mu_gehenna_hellfire, sprint_mu_dis_giant,
          sprint_mu_tartarus_statrot, sprint_mu_cocytus_islands, sprint_mu_zot1]

Skill      XL: |  1  2  3  4  5  6  7  8  9 |
---------------+----------------------------+-----
Fighting       | 2 3 4 7 8 9 10 | 10.3
Stealth        | 3 4 7 8 |  8.5
Dodging        | 3 4 5 8 9 10 11 | 11.4
Spellcasting   | 3 4 6 7 8 |  8.3
Armour         | 4 5 |  5.5
Long Blades    | 3 4 |  4.1

Action                   |  1- 3 |  4- 6 |  7- 9 || total
-------------------------+-------+-------+-------++-------
Melee: Long sword        |       |       |    12 ||    12
       Punch             |       |       |     2 ||     2
       Scimitar          |       |       |     5 ||     5
 Cast: Foxfire           |     7 |       |     4 ||    11
       Scorch            |     5 |    11 |    37 ||    53
Armor: Robe              |     1 |     1 |     1 ||     3
Dodge: Dodged            |     6 |     4 |    26 ||    36

Table legend: (Time is in decaauts)
 A = Elapsed time spent in this place.
 B = Non-inter-level travel time spent in this place.
 C = Inter-level travel time spent in this place.
 D = Time resting spent in this place.
 E = Time spent auto-exploring this place.
 F = Levels seen in this place.
 G = Mean time per level.
                   A        B        C        D        E       F      G
               +--------+--------+--------+--------+--------+-----+--------+
         Total |    976 |    976 |      0 |    658 |      0 |   1 |  976.0 |
       Dungeon |    976 |    976 |      0 |    658 |      0 |   1 |  976.0 |
               +--------+--------+--------+--------+--------+-----+--------+

Top non-repeatable levels by time:
       D: 976 daAuts
